 Dungeon Crawl Stone Soup version 0.21-a0-519-gb765982 (webtiles) character file.

60 slep the Skirmisher (level 3, -1/29 HPs)
             Began as a Demonspawn Monk on Dec 5, 2017.
             Slain by a worm (7 damage)
             ... on level 2 of the Dungeon.
             The game lasted 00:04:25 (1309 turns).

slep the Skirmisher (Demonspawn Monk)               Turns: 1309, Time: 00:04:26

Health: -1/29      AC:  5    Str: 11    XL:     3   Next: 80%
Magic:  0/3        EV: 12    Int: 11    God:
Gold:   76         SH:  0    Dex: 16    Spells: 2/2 levels left

rFire    . . .     SeeInvis +   a - +0 spear
rCold    . . .     Gourm    .   (no shield)
rNeg     . . .     Faith    .   i - +0 ring mail
rPois    .         Spirit   +   (no helmet)
rElec    .         Reflect  .   (no cloak)
rCorr    .         Harm     .   (no gloves)
MR       .....                  (no boots)
Stlth    ++........             (no amulet)
HPRegen  0.09/turn              f - ring of see invisible
MPRegen  0.08/turn              (no ring)

@: no status effects
A: magic shield
a: no special abilities


You were on level 2 of the Dungeon.
You were not hungry.

You visited 1 branch of the dungeon, and saw 2 of its levels.

You collected 76 gold pieces.

Inventory:

Hand Weapons
 a - a +0 spear (weapon)
 h - a +0 blowgun
Armour
 b - a +0 robe
 i - a +0 ring mail (worn)
Jewellery
 f - a ring of see invisible (left hand)
Scrolls
 l - 2 scrolls of identify {unknown}
Potions
 d - a potion of lignification {unknown}
 e - a potion of agility {unknown}
 j - a potion of cancellation {unknown}
 k - a potion of haste {unknown}
 m - a potion of flight {unknown}
Comestibles
 c - a bread ration
 g - 4 fruits


   Skills:
 + Level 3.4 Fighting
 + Level 3.4 Polearms
 + Level 3.1 Dodging
 + Level 2.2 Stealth


You had 2 spell levels left.
You didn't know any spells.

Dungeon Overview and Level Annotations

Branches:
Dungeon (2/15)

Altars:


Innate Abilities, Weirdness & Mutations

When hurt, damage is shared between your health and your magic reserves.


Message History

You reach to attack!
You hit the worm.
The worm is lightly wounded.
Attack whom?
Press: ? - help, Dir - move target cursor, f/p - worm
Aim: a worm You hit the worm.
The worm is lightly wounded.
Attack whom?
Press: ? - help, Dir - move target cursor, f/p - worm
Aim: a worm (lightly wounded)
You reach to attack!
You hit the worm but do no damage.
The worm is lightly wounded.
Attack whom?
Press: ? - help, Dir - move target cursor, f/p - worm
Aim: a worm (lightly wounded)
You reach to attack!
You hit the worm.
The worm is lightly wounded.
Your ring mail prevents you from hitting the worm.
You barely miss the worm. The worm bites you!
You die...

...............(.(..........###
.............................>#
#................#.##...)....)#
#.##......#.##†###.##......#.....
#.#####.....#....#.#########.....
............#..#.#.# ......
#.####......+....#.# ...###
.....)......######.# ....#
.....##........w@†.# ###..
.$...##.......###### ..
.....#####.....# <...## ###...#
.... #####...# ..#. #.......#
.... #.###...# .... #.####..#
#.....÷.#


You could see a worm.

Vanquished Creatures
  2 adders (D:2)
  A worm (D:2)
  2 dart slugs
  A ball python (D:2)
  3 giant cockroaches (D:1)
  5 goblins
  2 hobgoblins (D:1)
  5 kobolds
  2 bats (D:1)
  8 frilled lizards
  6 rats
37 creatures vanquished.

Notes
Turn   | Place    | Note
-------+----------+-------------------------------------------
     0 | D:1      | slep the Demonspawn Monk began the quest for the Orb.
     0 | D:1      | Reached XP level 1. HP: 18/18 MP: 1/1
   317 | D:1      | Gained mutation: When hurt, damage is shared between your health and your magic reserves. [demonic ancestry]
   317 | D:1      | Reached XP level 2. HP: 23/24 MP: 2/2
   799 | D:1      | Reached XP level 3. HP: 29/29 MP: 3/3
  1309 | D:2      | Slain by a worm

Vault maps used:
D:1:      minmay_arrival_shoal_huts
D:2:      gammafunk_temple_overflow_statue, first_bread

Skill      XL: |  1  2 |
---------------+-------+-----
Polearms       | 3 |  3.4
Dodging        | 3 |  3.1
Stealth        | 2 |  2.2
Fighting       | |  3.4

Action                   || total
-------------------------++-------
Melee: Spear             ||   153
 Stab: Sleeping          ||     5
       Distracted        ||     1
  Eat: Chunk             ||     1
Armor: Robe              ||    13
       Ring mail         ||     5
Dodge: Dodged            ||    71

Table legend:
 A = Spawn XP
 B = Non-spawn XP
 C = Spawn XP percentage of total XP
 D = Spawn monster count
 E = Non-spawn monster count
 F = Spawn count percentage of total count
 G = Total turns spent on level
                    A         B        C        D         E        F      G
               +---------+---------+-------+---------+---------+-------+---------
         Total |       0 |      86 |   0.0 |       0 |      37 |   0.0 |  1309
               +---------+---------+-------+---------+---------+-------+---------
           D:1 |       0 |      41 |   0.0 |       0 |      26 |   0.0 |   952
           D:2 |       0 |      45 |   0.0 |       0 |      11 |   0.0 |   357
               +---------+---------+-------+---------+---------+-------+---------
